 Dungeon Crawl Stone Soup version 0.16.0-12-g7215832 (webtiles) character file.

137 JustSomeDude the Bolt Thrower (level 5, 0/39 HPs)
             Began as a Formicid Hunter on Mar 18, 2015.
             Succumbed to an adder's poison
             ... on level 3 of the Dungeon.
             The game lasted 00:21:09 (2314 turns).

JustSomeDude the Bolt Thrower (Formicid Hunter)     Turns: 2314, Time: 00:21:10

Health: 0/39       AC:  5    Str: 17    XL:     5   Next: 44%
Magic:  0/7        EV: 12    Int: 10    God:
Gold:   152        SH:  0    Dex: 12    Spells: 0 memorised, 4 levels left

rFire  . . .     SeeInvis +     e - +0 hunting sling
rCold  . . .     Clarity  .     d - +2 leather armour
rNeg   . . .     SustAb   .     (no shield)
rPois  .         Gourm    .     (helmet unavailable)
rElec  .         Spirit   .     (no cloak)
rCorr  .         Warding  .     (no gloves)
rMut   .         Stasis   +     (no boots)
MR     .....                    (no amulet)
Stlth  ++........               t - ring of ice
                                p - ring of fire

@: lethally poisoned (0 -> -8), not resistant to hostile enchantments,
unstealthy
A: permanent stasis, dig shafts and tunnels, four strong arms, antennae 3
a: Dig, Shaft Self


You were on level 3 of the Dungeon.
You were hungry.

You visited 1 branch of the dungeon, and saw 3 of its levels.
You also visited: Sewer.

You collected 152 gold pieces.

Inventory:

Hand weapons
 a - a +0 short sword
 b - a +2 hand crossbow
 e - a +0 hunting sling (weapon)
Missiles
 c - 6 bolts
 g - 6 sling bullets (quivered)
 q - 23 arrows
Armour
 d - a +2 leather armour (worn)
 l - a +0 pair of gloves
Jewellery
 p - a ring of fire (left hand)
 t - a ring of ice (right hand)
Scrolls
 j - 2 scrolls of teleportation
 o - 2 scrolls of identify
Potions
 i - a potion of restore abilities
 k - 2 potions of heal wounds
Comestibles
 f - 2 bread rations
 h - 3 fruits
 m - a slice of pizza
 s - 2 meat rations


   Skills:
 + Level 2.3 Fighting
 + Level 1.0 Slings
 * Level 5.7 Crossbows
 + Level 0.7 Armour
 + Level 2.0 Dodging
 * Level 2.1 Stealth


You had 4 spell levels left.
You didn't know any spells.

Dungeon Overview and Level Annotations

Branches:
Dungeon (3/15)

Altars:


Innate Abilities, Weirdness & Mutations

You are under a permanent stasis effect.
You can dig through walls and to a lower floor.
Your four strong arms can wield two-handed weapons with a shield.
You have a pair of large antennae on your head (SInv).


Message History

The sling bullet closely misses the gnoll.
The adder bites you.
* * * LOW HITPOINT WARNING * * *
You are more poisoned.
The adder poisons you!
The gnoll hits you from afar with an antimagic spear!
* * * LOW HITPOINT WARNING * * *
The adder bites you but does no damage.
Use which ability? (? or * to list)
You can't do that.
Use which ability? (? or * to list) Use which ability? (? or * to list)
You extend your mandibles.
You dig through the rock wall.
* * * LOW HITPOINT WARNING * * *
You feel sick. The adder closely misses you.
The gnoll hits you but does no damage.
You dig through the rock wall.
You are feeling hungry.
You die...

##...## #.# #.. ##...#
#.# #.# #g#.# #.# #.#
#.#.# #.# ##.# #.#.#
#.###)..
#.#.#############.##....
#(...gS.........>.......
#######.###............<
#@# #######....... ###
##.###.# #.# ### #.. ..
####### #


You could see an adder.

Vanquished Creatures
  7 adders
  A giant mite (D:2)
  2 worms
  2 giant geckos
  5 bats
  6 hobgoblins
  8 jackals
  8 giant cockroaches
  2 giant newts
  7 goblins
  3 kobolds
  3 rats
  5 plants (D:1)
59 creatures vanquished.

Notes
Turn   | Place    | Note
--------------------------------------------------------------
     0 | D:1      | JustSomeDude, the Formicid Hunter, began the quest for the Orb.
     0 | D:1      | Reached XP level 1. HP: 16/16 MP: 1/1
   481 | D:1      | Reached XP level 2. HP: 22/22 MP: 3/3
   916 | D:2      | Reached XP level 3. HP: 27/27 MP: 4/4
   987 | D:2      | Reached skill level 5 in Crossbows
  1072 | D:2      | Reached XP level 4. HP: 34/34 MP: 5/5
  1561 | D:3      | Reached XP level 5. HP: 39/39 MP: 7/7
  1883 | D:3      | Found a glowing drain.
  1902 | Sewer    | Entered a sewer
  2116 | D:3      | Reached skill level 1 in Slings
  2313 | D:3      | HP: 1/39 [poisoned by an adder]
  2314 | D:3      | Succumbed to an adder's poison

Action                   |  1- 3 |  4- 6 || total
-------------------------+-------+-------++-------
Melee: Short sword       |   208 |       ||   208
 Fire: Hand crossbow     |    50 |    32 ||    82
       Hunting sling     |       |    90 ||    90
 Abil: Dig               |       |     1 ||     1
  Use: Scroll            |     4 |     8 ||    12
       Potion            |     2 |     1 ||     3
  Eat: Bread ration      |     1 |       ||     1
